 Dungeon Crawl Stone Soup version 0.20.1-1-g8b1a95d (webtiles) character file.

2574 meunkin the Skirmisher (level 9, 54/79 HPs)
             Began as a Demigod Conjurer on Oct 13, 2017.
             Starved to death
             ... on level 6 of the Dungeon.
             The game lasted 00:25:16 (7062 turns).

meunkin the Skirmisher (Demigod Conjurer)           Turns: 7062, Time: 00:25:17

Health: 54/79      AC: 17    Str: 17    XL:     9   Next: 10%
Magic:  15/15      EV:  6    Int: 16    God:
Gold:   144        SH:  5    Dex: 16    Spells: 9/12 levels left

rFire    . . .     SeeInvis .   m - +1 dagger (venom)
rCold    . . .     Gourm    .   w - +0 buckler
rNeg     . . .     Faith    .   q - +0 plate armour
rPois    .         Spirit   +   y - +0 helmet
rElec    .         Reflect  .   h - scarf {Spirit}
rCorr    .         Harm     .   (no gloves)
MR       .....                  j - +2 pair of boots
Stlth    ..........             (no amulet)
Regen    0.3/turn               i - -3 ring of intelligence (curse)
MPRegen  0.2/turn               (no ring)

@: fainting
A: high mp 1
a: no special abilities


You were on level 6 of the Dungeon.
You were fainting.

You visited 1 branch of the dungeon, and saw 8 of its levels.
You also visited: Ossuary.

You collected 384 gold pieces.
You spent 240 gold pieces at shops.

Inventory:

Hand Weapons
 m - a +1 dagger of venom (weapon)
 x - a +0 short sword of freezing
Armour
 h - a scarf of spirit shield (worn)
 j - a +2 pair of boots (worn)
 q - a +0 plate armour (worn)
 w - a +0 buckler (worn)
 y - a +0 helmet (worn)
Jewellery
 i - a cursed -3 ring of intelligence (left hand)
Wands
 D - a wand of polymorph (14/24)
Scrolls
 a - a scroll of immolation
 b - a scroll of blinking
 d - 2 scrolls of fog {unknown}
 e - a scroll of amnesia {unknown}
 g - 6 scrolls of remove curse
 n - a scroll of recharging {unknown}
 o - 2 scrolls of magic mapping {unknown}
 p - 2 scrolls of teleportation
 u - 2 scrolls of enchant weapon {unknown}
 C - a scroll of identify
Potions
 f - a potion of mutation
 l - 3 potions of curing
 r - a potion of flight


   Skills:
 * Level 7.3 Fighting
 * Level 7.0 Armour
 - Level 2.1 Dodging
 - Level 2.5 Stealth
 - Level 4.1 Shields
 - Level 2.0 Spellcasting
 - Level 4.0 Conjurations


You had 9 spell levels left.
You knew the following spells:

 Your Spells              Type           Power        Failure   Level  Hunger
a - Magic Dart            Conj           ##..         80%         1    #......
b - Searing Ray           Conj           ##....       90%         2    ###....


Dungeon Overview and Level Annotations

Branches:
Dungeon (8/15)
 Temple: D:4-7         Lair: D:8-11

Shops:
D:4 !

Annotations:
D:6 Eustachio


Innate Abilities, Weirdness & Mutations

You have an increased reservoir of magic. (+10% MP)


Message History

The crimson imp shouts, "Return whence thou came, thou plume-plucked moldwarp minnow reeky!"
The hound barely misses you.
You closely miss the hound.
The hound is lightly wounded.
The crimson imp hits you but does no damage.
The hound barely misses you.
You hit the hound but do no damage.
The hound looks as sick as possible!
The hound is moderately wounded.
The hound pauses to sniff the ground.
You block the hound's attack. The crimson imp barely misses you.
The hound bites you but does no damage.
You hit the hound but do no damage.
The hound looks as sick as possible!
The hound is moderately wounded.
The crimson imp barely misses you. The hound barely misses you.
Eustachio gestures wildly while chanting.
Eustachio blinks!
Your plate armour prevents you from hitting the hound.
The hound is heavily wounded.
You have starved to death.
You die...

.............##
..............#.
................
...............#
...>..?.........
........ยง......#
...............#
#.>....!.#
#..@5....#
#....h......#
#.....@w.....
#............
#...........#
#...........#
#.#........##
#%..........


You could see Eustachio, a hound, a crimson imp and a dart slug.

Vanquished Creatures
  A two-headed ogre (D:8)
  Prince Ribbit (D:5)
  A hippogriff (D:8)
  A hungry ghost (D:8)
  A yak (D:8)
  An ice beast (D:8)
  A phantom (D:5)
  A wolf (D:8)
  An ogre (D:4)
  A bullfrog (D:8)
  3 water moccasin zombies
  A howler monkey (D:5)
  A jelly (D:5)
  A hound (D:4)
  An iguana (D:3)
  5 orc wizards
  4 worker ants
  A killer bee zombie (D:5)
  A big kobold zombie (Ossuary)
  A bullfrog simulacrum (D:8)
  2 mummies (Ossuary)
  Robin (D:4)
  11 adders
  A river rat (D:4)
  2 ufetubi (D:8)
  An ooze (D:3)
  An adder skeleton (D:8)
  3 adder zombies (Ossuary)
  2 worms
  A dart slug (D:2)
  4 leopard geckos
  10 orcs
  2 ball pythons (D:1)
  7 giant cockroaches
  2 gnoll zombies (Ossuary)
  16 goblins
  14 hobgoblins
  13 jackals
  5 kobolds
  4 quokkas
  5 bats
  A frilled lizard (D:4)
  8 hobgoblin zombies (Ossuary)
  7 kobold zombies (Ossuary)
  4 orc zombies (Ossuary)
  A quokka zombie (D:4)
  8 rats
165 creatures vanquished.

Vanquished Creatures (others)
  A white imp (D:8)
  2 adder zombies (Ossuary)
  2 gnoll zombies (Ossuary)
  2 hobgoblin zombies (Ossuary)
  A kobold zombie (Ossuary)
  2 orc zombies (Ossuary)
10 creatures vanquished.

Grand Total: 175 creatures vanquished

Notes
Turn   | Place    | Note
-------+----------+-------------------------------------------
     0 | D:1      | meunkin the Demigod Conjurer began the quest for the Orb.
     0 | D:1      | Reached XP level 1. HP: 14/14 MP: 5/5
   313 | D:1      | Reached XP level 2. HP: 20/20 MP: 4/7
   355 | D:1      | Learned a level 2 spell: Searing Ray
   970 | D:2      | Reached XP level 3. HP: 27/27 MP: 8/8
  1100 | D:2      | Reached skill level 1 in Fighting
  1100 | D:2      | Reached skill level 1 in Armour
  1312 | D:2      | Noticed Robin
  1321 | D:2      | Reached XP level 4. HP: 35/35 MP: 9/9
  1911 | D:3      | Found a glowing golden altar of the Shining One.
  2464 | D:3      | Found a faded altar of an unknown god.
  2524 | D:3      | Reached XP level 5. HP: 40/42 MP: 10/10
  2775 | D:4      | Found a sand-covered staircase.
  2782 | Ossuary  | Entered an ossuary
  3053 | Ossuary  | Reached skill level 1 in Shields
  3623 | Ossuary  | Reached XP level 6. HP: 9/51 MP: 11/11
  4366 | D:4      | Killed Robin
  4829 | D:4      | Found a shadowy altar of Dithmenos.
  4886 | D:4      | Reached XP level 7. HP: 16/58 MP: 13/13
  5112 | D:4      | Found Cumig's Distillery.
  5118 | D:4      | Bought a potion of agility for 48 gold pieces
  5118 | D:4      | Bought a potion of invisibility for 96 gold pieces
  5118 | D:4      | Bought a potion of heal wounds for 60 gold pieces
  5118 | D:4      | Bought a potion of curing for 36 gold pieces
  5424 | D:5      | Entered Level 5 of the Dungeon
  5472 | D:5      | Found a shimmering altar of Xom.
  5625 | D:5      | Noticed Prince Ribbit
  5626 | D:5      | Found a radiant altar of Vehumet.
  5649 | D:5      | Killed Prince Ribbit
  5760 | D:5      | Found an iron altar of Okawaru.
  5991 | D:5      | Found a bloodstained altar of Trog.
  6213 | D:5      | You fall through a shaft for 3 floors!
  6255 | D:8      | Found a glowing silver altar of Zin.
  6308 | D:7      | Noticed a hornet
  6332 | D:8      | Reached skill level 5 in Fighting
  6448 | D:8      | Reached XP level 8. HP: 66/68 MP: 14/14
  6469 | D:8      | Noticed a two-headed ogre
  6499 | D:8      | Reached skill level 5 in Armour
  6535 | D:8      | Killed a two-headed ogre
  6851 | D:7      | Noticed a hippogriff
  6877 | D:8      | Killed a hippogriff
  6877 | D:8      | Reached XP level 9. HP: 31/79 MP: 8/15
  7019 | D:7      | Paralysed by fainting for 12 turns
  7049 | D:6      | Paralysed by fainting for 8 turns
  7057 | D:6      | Noticed Eustachio
  7062 | D:6      | Starved to death

Skill      XL: |  1  2  3  4  5  6  7  8  9 |
---------------+----------------------------+-----
Stealth        | 2 |  2.5
Dodging        | 2 |  2.1
Fighting       | 1 2 3 5 7 |  7.3
Armour         | 1 2 3 4 6 7 |  7.0
Conjurations   | 4 |  4.0
Spellcasting   | 2 |  2.0
Shields        | 1 2 4 |  4.1

Action                   |  1- 3 |  4- 6 |  7- 9 || total
-------------------------+-------+-------+-------++-------
Melee: Short sword       |    20 |       |    84 ||   104
       Dagger            |    69 |   585 |   294 ||   948
 Cast: Magic Dart        |    35 |       |       ||    35
       Searing Ray       |     1 |       |       ||     1
Evoke: Wand              |       |     9 |       ||     9
  Use: Potion            |       |     6 |     7 ||    13
       Scroll            |       |     2 |     4 ||     6
 Stab: Confused          |       |     2 |       ||     2
       Invisible         |       |       |     2 ||     2
  Eat: Chunk             |     2 |     8 |     6 ||    16
       Bread ration      |       |     1 |     1 ||     2
       Fruit             |       |       |     2 ||     2
       Meat ration       |       |       |     3 ||     3
       Royal jelly       |       |       |     1 ||     1
Armor: Robe              |     9 |       |       ||     9
       Plate armour      |    90 |   394 |   284 ||   768
       Skin              |       |    14 |    43 ||    57
Dodge: Dodged            |    41 |   106 |   109 ||   256
Block: Buckler           |       |    67 |   109 ||   176
